 Dungeon Crawl Stone Soup version 0.30-a0-373-gd37427bb62 (webtiles) character file.

Game seed: 5369074673205284006

79 qeuew the Shield-Bearer (level 4, -1/33 HPs)
             Began as a Formicid Fighter on Nov 24, 2022.
             Succumbed to Sigmund's poison
             ... on level 3 of the Dungeon.
             The game lasted 00:02:54 (1852 turns).

qeuew the Shield-Bearer (Formicid Fighter)          Turns: 1852, Time: 00:02:55

Health: -1/33      AC: 10    Str: 21    XL:     4   Next: 62%
Magic:  4/4        EV: 10    Int:  7    God:
Gold:   104        SH:  5    Dex: 15    Spells: 3/3 levels left

rFire   + . .      SeeInvis +    a - +0 war axe
rCold   + . .      Faith    .    c - +0 buckler
rNeg    . . .      Spirit   .    g - +5 ring mail of Relativism {Drain rElec rC+ Regen+}
rPois   .          Reflect  .    (helmet unavailable)
rElec   +          Harm     .    (no cloak)
rCorr   .          Rampage  .    (no gloves)
Will    .....                    (no boots)
Stlth   +.........               (no amulet)
HPRegen 1.05/turn                (no ring)
MPRegen 0.09/turn                (no ring)

@: brilliant, lethally poisoned (-1 -> -15)
A: permanent stasis, dig shafts and tunnels, antennae 3, four strong arms, fire
resistance 1, frail 1
a: Dig, Shaft Self


You were on level 3 of the Dungeon.
You visited 1 branch of the dungeon, and saw 3 of its levels.

You collected 104 gold pieces.

Inventory:

Hand Weapons
 a - a +0 war axe (weapon)
Armour
 b - a +0 scale mail
 c - a +0 buckler (worn)
 g - the +5 ring mail of Relativism (worn) {Drain rElec rC+ Regen+}
   (You found it on level 2 of the Dungeon)

   rC:        It protects you from cold.
   rElec:     It insulates you from electricity.
   Regen:     It increases your rate of health regeneration.
   Drain:     It drains your maximum health when unequipped.
Scrolls
 e - 2 scrolls of identify {unknown}
Potions
 d - a potion of might


   Skills:
 * Level 4.0 Fighting
 * Level 2.6 Axes
 * Level 3.8 Armour
 + Level 0.8 Dodging
 * Level 4.6 Shields


You had 3 spell levels left.
You didn't know any spells.
Your spell library contained the following spells:

 Spells                   Type           Power      Damage    Failure   Level
 Slow                     Hex            0%         N/A       65%         1
 Confusing Touch          Hex            0%         N/A       95%         3
 Dazzling Flash           Conj/Hex       0%         N/A       95%         3
 Vampiric Draining        Necr           0%         2d6       95%         3
 Iskenderun's Mystic Bla  Conj/Tloc      0%         2d3       100%        4
 Manifold Assault         Tloc           0%         N/A       100%        4
 Starburst                Conj/Fire      0%         6d3       100%        6
 Storm Form               Tmut/Air       0%         N/A       100%        7
 Blink                    Tloc           Unusable   N/A       N/A         2

Dungeon Overview and Level Annotations

Branches:
Dungeon (3/15)

Altars:

Annotations:
D:1 1 transporter
D:3 Sigmund


Innate Abilities, Weirdness & Mutations

You cannot be hasted, slowed, berserked, paralysed or teleported.
You can dig through walls and to a lower floor.
You have a pair of large antennae on your head. (SInv)
Your four strong arms can wield two-handed weapons with a shield.
Your flesh is heat resistant. (rF+)
You are frail. (-10% HP)


Message History

The jackal barely misses you. Sigmund closely misses you.
A goblin comes into view. It is wielding a +0 dagger.
You slash the jackal!
You kill the jackal!
You hit the jackal. The jackal misses you.
The jackal bites you but does no damage.
Sigmund hits you from afar with a +2 scythe of venom!
You are poisoned.
You hit the jackal.
You kill the jackal!
You feel extremely sick.
You feel very sick.
Sigmund screams, "Die, monster!"
Sigmund hits you but does no damage.
You are more poisoned.
You slash Sigmund!
Sigmund is heavily wounded.
You feel very sick.
Sigmund hits you with a +2 scythe of venom.
* * * LOW HITPOINT WARNING * * *
You are lethally poisoned!
You are too injured to fight recklessly!
You are too injured to fight recklessly!
You are too injured to fight recklessly!
You are too injured to fight recklessly!
You are too injured to fight recklessly!
You are too injured to fight recklessly!
You are too injured to fight recklessly!
You are too injured to fight recklessly!
You are too injured to fight recklessly!
You are too injured to fight recklessly!
You are too injured to fight recklessly!
You are too injured to fight recklessly!
You are too injured to fight recklessly!
* * * LOW HITPOINT WARNING * * *
You feel extremely sick. Sigmund barely misses you.
It was a potion of brilliance.
You feel clever all of a sudden.
You die...

#.##.# #.# ## #.##.#
#.#
####.##.########.###
...................
# #######.#######..#
..# #.#######..#
#...#
#..........##......
####......†.@b.....
#†#####@##g..... #.#
#.# #.... #.# #.#
..# #.# #.# # ..#
#.. ### ###


You could see Sigmund and a bat.

Vanquished Creatures
  2 adders
  A worm (D:3)
  2 dart slugs
  4 endoplasms
  A giant cockroach (D:1)
  2 goblins (D:2)
  3 hobgoblins (D:3)
  9 jackals
  4 kobolds
  3 quokkas (D:1)
  4 ball pythons (D:1)
  7 bats
  A frilled lizard (D:1)
  8 rats
51 creatures vanquished.

Notes
Turn   | Place    | Note
-------+----------+-------------------------------------------
     0 | D:1      | qeuew the Formicid Fighter began the quest for the Orb.
     0 | D:1      | Reached XP level 1. HP: 18/18 MP: 1/1
   258 | D:1      | Reached XP level 2. HP: 21/24 MP: 2/2
   718 | D:1      | Reached XP level 3. HP: 24/29 MP: 3/3
  1265 | D:2      | Identified the +5 ring mail of Relativism {Drain rElec rC+
                  | Regen+}
  1397 | D:2      | Reached XP level 4. HP: 37/37 MP: 4/4
  1491 | D:2      | Gained mutation: Your flesh is heat resistant. (rF+)
                  | [potion of mutation]
  1491 | D:2      | Gained mutation: You are frail. (-10% HP) [potion of
                  | mutation]
  1842 | D:3      | Noticed Sigmund
  1852 | D:3      | Succumbed to Sigmund's poison

Illustrated notes

Levels and vault maps discovered:
D:1:      spicycebolla_arrival_risky_transporter, layout_basic, serial_curves,
          eino_curves_01, eino_curves_03, minmay_heptomino_d4
D:2:      layout_basic
D:3:      kennysheep_goblin_castle, layout_loops_ring, uniq_sigmund

Skill      XL: |  1  2  3  4 |
---------------+-------------+-----
Fighting       | 4 |  4.0
Axes           | |  2.6
Armour         | |  3.8
Dodging        | |  0.8
Shields        | |  4.6

Action                   |  1- 3 |  4- 6 || total
-------------------------+-------+-------++-------
Melee: War axe           |    92 |    47 ||   139
  Use: Scroll            |     6 |     1 ||     7
       Potion            |       |     4 ||     4
Armor: Scale mail        |    41 |       ||    41
       Ring mail         |     9 |    30 ||    39
Dodge: Dodged            |    55 |    23 ||    78
Block: Buckler           |    19 |    11 ||    30

Table legend: (Time is in decaauts)
 A = Elapsed time spent in this place.
 B = Non-inter-level travel time spent in this place.
 C = Inter-level travel time spent in this place.
 D = Time resting spent in this place.
 E = Time spent auto-exploring this place.
 F = Levels seen in this place.
 G = Mean time per level.
                   A        B        C        D        E       F      G
               +--------+--------+--------+--------+--------+-----+--------+
         Total |   1909 |   1857 |     52 |     45 |   1421 |   3 |  636.3 |
       Dungeon |   1909 |   1857 |     52 |     45 |   1421 |   3 |  636.3 |
               +--------+--------+--------+--------+--------+-----+--------+

Top non-repeatable levels by time:
     D:1: 1117 daAuts
     D:2: 469 daAuts
     D:3: 323 daAuts
